 Dungeon Crawl Stone Soup version 0.30.1-3-gfc49f6343a (webtiles) character file.

Game seed: 4147112227848592767

13973 Strat the Geomancer (level 12, -10/77 HPs)
             Began as a Gargoyle Earth Elementalist on July 18, 2023.
             Was a Priest of Makhleb.
             Mangled by Frances
             ... wielding a +2 vampiric battleaxe
              (28 damage)
             ... on level 12 of the Dungeon.
             The game lasted 00:37:05 (14657 turns).

Strat the Geomancer (Gargoyle Earth Elementalist)  Turns: 14657, Time: 00:37:06

Health: -10/77     AC: 16    Str: 12    XL:     12   Next: 11%
Magic:  9/24       EV: 11    Int: 27    God:    Makhleb [***...]
Gold:   542        SH:  0    Dex: 10    Spells: 6/27 levels left

rFire   . . .        b - staff of earth
rCold   . . .        (no shield)
rNeg    + . .        v - +0 robe {Archmagi}
rPois   ∞            J - +2 hat
rElec   +            C - +0 cloak
rCorr   .            G - +1 pair of gloves
SInv    .            f - +0 pair of boots
Will    +....        (no amulet)
Stlth   ++           t - ring of willpower
HPRegen 0.32/turn    q - +6 ring of intelligence
MPRegen 0.19/turn

%: archmagi
@: about to teleport
A: sickness immunity, AC +8, negative energy resistance 1, electricity
resistance, torment resistance 1, petrification resistance
a: Renounce Religion, Minor Destruction, Lesser Servant of Makhleb


You were on level 12 of the Dungeon.
You worshipped Makhleb.
Makhleb was most pleased with you.
You visited 2 branches of the dungeon, and saw 13 of its levels.

You collected 575 gold pieces.
You spent 33 gold pieces at shops.

Inventory:

Hand Weapons
 a - a +5 spear of venom
 s - a +1 whip of electrocution
 F - the +5 long sword of Uskayaw's Grace {elec, Str+2}
   (You found it on level 7 of the Dungeon)

   Str:       It affects your strength (+2).
Missiles
 H - a throwing net
Armour
 f - a +0 pair of boots (worn)
 v - a +0 robe of the Archmagi (worn)
 C - a +0 cloak (worn)
 G - a +1 pair of gloves (worn)
 J - a +2 hat (worn)
Magical Staves
 b - a staff of earth (weapon)
Jewellery
 j - a ring of protection from fire
 q - a +6 ring of intelligence (right hand)
 t - a ring of willpower (left hand)
 M - a +4 ring of slaying
Wands
 e - a wand of polymorph (13)
 m - a wand of charming (11)
 o - a wand of mindburst (25)
 r - a wand of iceblast (6)
 y - a wand of quicksilver (7)
 L - a wand of digging (6)
Scrolls
 d - a scroll of fog
 g - 5 scrolls of teleportation
 i - 2 scrolls of poison
 p - 2 scrolls of fear
 x - a scroll of enchant weapon
Potions
 c - 3 potions of mutation
 h - 2 potions of might
 k - 4 potions of curing
 l - a potion of flight
 n - 2 potions of lignification
 u - a potion of cancellation
 w - a potion of brilliance {unknown}
 z - a potion of berserk rage
 A - a potion of ambrosia
 B - a potion of magic
 D - a potion of haste {unknown}
 E - 2 potions of invisibility
 I - 3 potions of degeneration {unknown}


   Skills:
 + Level 10.0 Fighting
 - Level 1.5 Dodging
 - Level 2.1 Stealth
 + Level 8.0 Spellcasting
 * Level 11.6 Conjurations
 * Level 0.8 Summonings
 - Level 0.7 Transmutations
 * Level 11.8 Earth Magic
 + Level 4.0 Invocations


You had 6 spell levels left.
You knew the following spells:

 Your Spells              Type           Power      Damage    Failure   Level
a - Sandblast             Erth           100%       2d20      1%          1
b - Stone Arrow           Conj/Erth      100%       3d13      1%          3
c - Passwall              Tmut/Erth      65%        N/A       1%          2
d - Blink                 Tloc           32%        N/A       8%          2
e - Petrify               Tmut/Erth      79%        N/A       4%          4
g - Iron Shot             Conj/Erth      53%        9d10      6%          6
h - Summon Guardian Gole  Hex/Summ       19%        N/A       13%         3

Your spell library contained the following spells:

 Spells                   Type           Power      Damage    Failure   Level
 Shock                    Conj/Air       100%       1d9       1%          1
 Momentum Strike          Conj/Tloc      100%       3d10      1%          2
 Iskenderun's Battlesphe  Conj           84%        2d13      1%          5
 Summon Small Mammal      Summ           92%        N/A       3%          1
 Beastly Appendage        Tmut           44%        N/A       4%          1
 Leda's Liquefaction      Hex/Erth       38%        N/A       4%          4
 Slow                     Hex            64%        N/A       5%          1
 Wereblood                Tmut           22%        N/A       6%          2
 Lesser Beckoning         Tloc           32%        N/A       8%          2
 Call Canine Familiar     Summ           23%        N/A       11%         3
 Spider Form              Tmut/Pois      19%        N/A       14%         3
 Confusing Touch          Hex            16%        N/A       16%         3
 Portal Projectile        Hex/Tloc       32%        N/A       16%         3
 Swiftness                Air            16%        N/A       16%         3
 Vampiric Draining        Necr           16%        2d7       16%         3
 Airstrike                Air            8%         2d(2-18)  45%         4
 Orb of Destruction       Conj           42%        9d12      36%         7
 Spellforged Servitor     Conj/Summ      30%        N/A       98%         7


Dungeon Overview and Level Annotations

Branches:
Dungeon (12/15)            Temple (1/1) D:4            Lair (0/5) D:9
    Orc (0/2) D:11

Altars:
Ashenzari
Cheibriados
Dithmenos
Elyvilon
Fedhas
Gozag
Hepliaklqana
Kikubaaqudgha
Makhleb
Nemelex Xobeh
Okawaru
Qazlal
Ru
Sif Muna
Trog
Uskayaw
Vehumet
Wu Jian
Xom
Yredelemnul
Zin
The Shining One
Jiyva

Shops:
D:1 (   D:5 *   D:10 =   D:11 [

Annotations:
D:12 Frances


Innate Abilities, Weirdness & Mutations

You are immune to sickness and miasma.
Your stone body is resilient. (AC +8)
You are immune to poison.
You resist negative energy. (rN+)
You are resistant to electric shocks. (rElec)
You are resistant to unholy torment.
You are immune to petrification.


Message History

Aim: Frances, wielding a +2 vampiric battleaxe and wearing a +0 scale mail (fast, ally target, 82% to hit)
You feel a strong surge of power!
The iron shot hits Frances!!!
Frances is moderately wounded.
Frances hits you with a +2 vampiric battleaxe!!
Casting: Iron Shot (dangerous; 6% risk of failure)
Confirm with . or Enter, or press ? or * to list all spells.
Aiming: Iron Shot (dangerous; 6% risk of failure)
Press: ? - help, Shift-Dir - straight line, f/p - Frances
Aim: Frances, wielding a +2 vampiric battleaxe and wearing a +0 scale mail (moderately wounded, fast, ally target, 82% to hit)
You feel a strong surge of power!
The iron shot misses Frances.
Frances hits you with a +2 vampiric battleaxe!!
* * * LOW HITPOINT WARNING * * *
Frances hits your guardian golem with a +2 vampiric battleaxe!!
Frances closely misses you.
Frances hits your guardian golem with a +2 vampiric battleaxe.
Your guardian golem overheats!
As you read the scroll of teleportation, it crumbles to dust.
You feel strangely unstable. Frances barely misses you.
Frances hits your guardian golem with a +2 vampiric battleaxe.
Flame seeps out of your guardian golem.
The rust devil hits your guardian golem!
Flame seeps out of your guardian golem.
The rust devil corrodes your guardian golem!
Your guardian golem is engulfed in blazing flames.
Flame seeps out of your guardian golem.
You feel better.
Frances hits you with a +2 vampiric battleaxe!
* * * LOW HITPOINT WARNING * * *
Frances hits your guardian golem with a +2 vampiric battleaxe!
Your guardian golem disappears in a puff of smoke!
Your guardian golem explodes!
The fiery explosion engulfs the rust devil.
The rust devil completely resists.
The fiery explosion engulfs Frances!!
Frances is engulfed in blazing flames.
Frances says, "I am undefeated in single-handed combat."
Frances hits you with a +2 vampiric battleaxe.
* * * LOW HITPOINT WARNING * * *
Frances attacks as you move away!
Frances hits you with a +2 vampiric battleaxe!!
You die...

#†#....#.......#.)..#.##.....##.#
#†#....#.......#....###....####.#
#.'..#.#.......#.#..# #....'....'
#.#....#.......#....# #..#.#.####
#.#..<.#.......#4...# #....#.#...
'.#.#..#.......#§4..# ######.#.#.
#.+.#..'.......#4##.# #.#.#.
#.#....#.......+@# .# #.#...
#.#....#.......#@##.+ ######
#.#....#.......#.##.# .. #.#
#.#....#.......#.##.# .#.#.#
#.+....###..##.#.##.# #####.. #.#
#.#+#... #..##.#.##.# #....####.#
#... #.....#.##.+ #....#....#
....##'####.##.###....#'####
.............##.....#........
...#..##.........#...........


You could see Frances (fast), an orange demon (summoned), a hellwing (summoned)
and a rust devil (summoned).

Vanquished Creatures
  2 two-headed ogres (D:11)
  Erica (D:9)
  Pikel (D:5)
  An ugly thing (D:11)
  A cyclops (D:11)
  A gargoyle (D:11)
  Maurice (D:9)
  A komodo dragon (D:11)
  3 trolls
  A vampire (D:9)
  2 shadows (D:12)
  A wraith (D:9)
  Eustachio (D:5)
  A wyvern (D:11)
  19 yaks
  Menkaure (D:5)
  4 vampire mosquitoes (D:12)
  An acid dragon (D:10)
  8 orc warriors
  A hornet zombie (D:5)
  A black bear (D:8)
  3 centaurs
  3 ice beasts
  An ogre (D:6)
  3 wolves (D:9)
  4 lemures (D:5)
  A phantom (D:5)
  Blork the orc (D:5)
  3 kobold brigands
  5 bullfrogs
  3 gnoll sergeants
  A scorpion (D:6)
  A water moccasin zombie (D:5)
  8 wights
  3 killer bees
  5 electric eels (D:6)
  3 howler monkeys
  2 centaur zombies (D:5)
  A bullfrog zombie (D:5)
  8 hounds
  9 orc priests
  2 jellies
  9 orc wizards
  An iguana (D:5)
  2 scorpion zombies (D:5)
  2 hound zombies (D:5)
  A howler monkey zombie (D:5)
  24 gnolls
  11 adders
  2 shadow imps
  4 white imps
  2 worms
  5 dart slugs
  72 orcs
  8 endoplasms
  2 giant cockroaches
  3 goblins
  5 hobgoblins
  21 jackals
  3 quokkas
  6 ball pythons
  7 bats
  2 frilled lizards
  26 kobolds
  5 rats
346 creatures vanquished.

Vanquished Creatures (others)
  An orc (D:6)
1 creature vanquished.

Grand Total: 347 creatures vanquished

Notes
Turn   | Place    | Note
-------+----------+-------------------------------------------
     0 | D:1      | Strat the Gargoyle Earth Elementalist began the quest for
                  | the Orb.
     0 | D:1      | Reached XP level 1. HP: 10/10 MP: 3/3
   177 | D:1      | Reached XP level 2. HP: 14/15 MP: 1/5
   354 | D:1      | Found Caroiq's Antique Weapon Boutique.
   521 | D:1      | Reached skill level 5 in Earth Magic
   521 | D:1      | Reached XP level 3. HP: 19/19 MP: 6/6
   718 | D:2      | Found a sacrificial altar of Ru.
   829 | D:2      | Reached XP level 4. HP: 24/24 MP: 7/7
   963 | D:2      | Learned a level 3 spell: Stone Arrow
  1537 | D:3      | Identified the +8 scale mail "Huighaj" {Int+4}
  1544 | D:3      | Reached XP level 5. HP: 28/28 MP: 8/8
  1779 | D:3      | Reached skill level 1 in Fighting
  1878 | D:3      | Reached skill level 1 in Conjurations
  2346 | D:3      | Reached XP level 6. HP: 34/34 MP: 10/10
  2544 | D:3      | Learned a level 2 spell: Passwall
  3047 | D:3      | Reached XP level 7. HP: 35/40 MP: 12/12
  4109 | D:4      | Found a staircase to the Ecumenical Temple.
  4122 | Temple   | Entered the Ecumenical Temple
  4300 | D:5      | Entered Level 5 of the Dungeon
  4399 | D:5      | Found an ancient bone altar of Kikubaaqudgha.
  4673 | D:5      | Found Netteuj's General Store.
  4682 | D:5      | Bought a scroll of teleportation for 33 gold pieces
  4693 | D:5      | Noticed Blork the orc
  4696 | D:5      | Killed Blork the orc
  4697 | D:5      | Reached XP level 8. HP: 46/46 MP: 6/14
  4715 | D:5      | Noticed Eustachio
  4785 | D:5      | Killed Eustachio
  5050 | D:5      | Reached skill level 5 in Spellcasting
  5167 | D:5      | Noticed Menkaure
  5203 | D:5      | Killed Menkaure
  5567 | D:5      | Learned a level 2 spell: Blink
  5573 | D:5      | Learned a level 4 spell: Petrify
  5889 | D:5      | Noticed Pikel
  6151 | D:5      | Found a burning altar of Makhleb.
  6151 | D:5      | Found a white marble altar of Elyvilon.
  6152 | D:5      | Found a bloodstained altar of Trog.
  6159 | D:5      | Became a worshipper of Makhleb the Destroyer
  6225 | D:5      | Killed Pikel
  6226 | D:5      | Reached skill level 5 in Fighting
  6226 | D:5      | Reached skill level 5 in Conjurations
  6226 | D:5      | Reached skill level 10 in Earth Magic
  6226 | D:5      | Reached XP level 9. HP: 55/55 MP: 6/16
  7139 | D:6      | Learned a level 5 spell: Iskenderun's Battlesphere
  7150 | D:6      | Reached * piety under Makhleb
  7980 | D:7      | Found an opulent altar of Gozag.
  7990 | D:7      | Found a shimmering altar of Xom.
  8007 | D:7      | Found an iron altar of Okawaru.
  8007 | D:7      | Found a sacrificial altar of Ru.
  8009 | D:7      | Found a basalt altar of Yredelemnul.
  8009 | D:7      | Found a stormy altar of Qazlal.
  8019 | D:7      | Found an ornate altar of the Wu Jian Council.
  8188 | D:7      | Identified the +5 long sword of Uskayaw's Grace {elec,
                  | Str+2}
  8354 | D:7      | Reached ** piety under Makhleb
  8384 | D:7      | Reached XP level 10. HP: 54/64 MP: 18/18
  9497 | D:8      | Identified the +4 robe "Vygitevo" {Harm Int-5 Dex+2}
  9780 | D:9      | Noticed Erica
 10375 | D:9      | Noticed Maurice
 10386 | D:9      | Killed Maurice
 10485 | D:9      | Killed Erica
 10567 | D:9      | Found a staircase to the Lair.
 10804 | D:9      | Reached *** piety under Makhleb
 10918 | D:9      | Reached XP level 11. HP: 64/71 MP: 3/21
 11160 | D:9      | Reached skill level 10 in Conjurations
 11346 | D:9      | Learned a level 6 spell: Iron Shot
 11511 | D:10     | Entered Level 10 of the Dungeon
 11598 | D:10     | Reached skill level 1 in Invocations
 12495 | D:10     | Found Igibug's Jewellery Shop.
 12576 | D:10     | Reached skill level 10 in Fighting
 13103 | D:11     | Noticed a cyclops
 13109 | D:11     | Killed a cyclops
 13203 | D:11     | Noticed a red ugly thing
 13213 | D:11     | Killed a red ugly thing
 13478 | D:11     | Found Fydefi's Antique Armour Emporium.
 13478 | D:11     | Noticed a two-headed ogre
 13492 | D:11     | Killed a two-headed ogre
 13567 | D:11     | Noticed a two-headed ogre
 13574 | D:11     | Killed a two-headed ogre
 13806 | D:11     | Reached XP level 12. HP: 77/77 MP: 9/23
 14228 | D:11     | Found a staircase to the Orcish Mines.
 14305 | D:11     | Learned a level 3 spell: Summon Guardian Golem
 14636 | D:12     | Noticed Frances
 14648 | D:12     | Noticed a sun demon
 14657 | D:12     | Mangled by Frances

Illustrated notes

Levels and vault maps discovered:
D:1:      dpeg_arrival_connections, layout_rooms, serial_shops,
          nicolae_shop_peninsula
D:2:      minmay_evil_eye, layout_loops_ring, basic_altar,
          dreamdust_princess_bridge
D:3:      lemuel_castle_with_subvaults [lemuel_castle_interior_carwin_3],
          layout_basic
D:4:      layout_basic, minmay_temple_entry_proselytizer, minivault_14
D:5:      layout_cave_pods, minitemple, lemuel_doored_altar, serial_undead,
          serial_undead_f, serial_undead_e, serial_undead_f, serial_undead_f,
          serial_undead_a, serial_undead_c, serial_undead_b, serial_undead_e,
          serial_shops, shop, uniq_blork_the_orc, uniq_eustachio, uniq_pikel,
          uniq_menkaure
D:6:      layout_cave_pools, chequers_big_river, minmay_misc_feat_square,
          kennysheep_generic_room_9
D:7:      layout_rooms, grunt_temple_overflow_open
D:8:      layout_loops_corners
D:9:      layout_basic, erik_lair_island, uniq_erica, uniq_maurice
D:10:     layout_basic, serial_shops, nicolae_shop_crystal
D:11:     layout_loops_ring, orc_0_dummy, serial_shops,
          nicolae_shop_tiny_real_fake_doors
D:12:     layout_stronghold, uniq_psyche, uniq_nessos, uniq_frances
Temple:   pf_slime_end_temple

Skill      XL: |  1  2  3  4  5  6  7  8  9 10 11 12 |
---------------+-------------------------------------+-----
Earth Magic    | 4 5 6 7 8 10 11 | 11.8
Fighting       | 1 2 3 5 8 9 10 | 10.0
Conjurations   | 1 2 3 5 6 9 11 | 11.6
Spellcasting   | 3 4 5 7 8 |  8.0
Invocations    | 3 4 |  4.0
Dodging        | |  1.5
Stealth        | |  2.1
Summonings     | |  0.8
Transmutations | |  0.7

Action                     |  1- 3 |  4- 6 |  7- 9 | 10-12 || total
---------------------------+-------+-------+-------+-------++-------
  Melee: Unarmed           |    12 |       |       |       ||    12
         Dagger            |     3 |       |       |       ||     3
         Punch             |     1 |     3 |     4 |     4 ||    12
         Short sword       |    80 |   198 |    78 |       ||   356
         Whip              |       |       |   133 |       ||   133
         Spear             |       |       |    59 |   229 ||   288
         Staff             |       |       |       |     4 ||     4
   Cast: Sandblast         |     8 |    43 |    43 |       ||    94
         Stone Arrow       |       |       |    77 |   143 ||   220
         Iskenderun's Batt |       |       |       |     4 ||     4
         Iron Shot         |       |       |       |     2 ||     2
         Summon Guardian G |       |       |       |     2 ||     2
  Evoke: Wand              |       |     2 |       |       ||     2
    Use: Scroll            |       |       |    18 |     9 ||    27
         Potion            |       |       |     2 |     2 ||     4
   Stab: Sleeping          |     3 |     8 |     1 |     2 ||    14
 Armour: Robe              |    36 |    60 |   188 |   128 ||   412
  Dodge: Dodged            |    58 |   113 |   253 |   147 ||   571
